AoeStats
← ladhu2007

Black Forest

504300587Analyzed
3v3 RM · 26d ago on Sep 4, 2026· 59m 7s· 6 players
Game mode
Random Map
Map size
Normal (6 player)
Population
200
Speed
Normal
Resources
Standard
Victory
Conquest
Starting age
Dark Age
Ending age
Imperial Age
RankedLock teamsTeams togetherTeam positionsShared explorationLock speedFull tech treeHidden civsTurbo modeCheats
Victory
Defeat
🇨🇴 Burgundians · Colombia
566
+10
562
+10
🇬🇧 Huns · United Kingdom
493
+13
🇳🇴 Khmer · Norway
492
-13
🇪🇸 Goths · Spain
483
-13
🇵🇱 Turks · Poland
303
-7
Dark-squared Bishop
17:33 Feudal Age
18:53 Horse Collar
19:30 Double-Bit Axe
22:35 Wheelbarrow
22:02 Man-at-Arms
30:01 Castle Age
28:29 Scale Mail Armor
29:13 Forging
30:38 Gold Mining
31:55 Bow Saw
32:01 Stone Mining
33:11 Fletching
33:22 Padded Archer Armor
33:38 Chain Mail Armor
35:54 Heavy Plow
36:33 Gold Shaft Mining
36:37 Iron Casting
35:58 Bodkin Arrow
36:18 Leather Archer Armor
39:16 Squires
38:36 Long Swordsman
41:50 Hand Cart
42:06 Thumb Ring
41:22 Crossbowman
46:42 Imperial Age
45:32 Masonry
47:33 Fortified Wall
48:01 Plate Mail Armor
48:32 Blast Furnace
48:24 Bracer
52:45 Architecture
51:43 Two-Handed Swordsman
ladhu2007
0:41 Loom
12:02 Feudal Age
13:19 Wheelbarrow
12:37 Double-Bit Axe
12:36 Horse Collar
21:33 Forging
24:06 Castle Age
25:03 Bow Saw
26:43 Hand Cart
30:17 Heavy Plow
32:44 Masonry
32:33 Murder Holes
36:23 Imperial Age
34:39 Ballistics
35:08 Fletching
39:36 Chemistry
38:42 Scale Mail Armor
38:44 Padded Archer Armor
39:37 Iron Casting
38:58 Bodkin Arrow
43:34 Blast Furnace
43:37 Bracer
47:21 Devotion
48:08 Elite Huskarl
53:48 Anarchy
56:03 Perfusion
Varg_1960
0:33 Loom
19:50 Feudal Age
26:32 Castle Age
25:37 Double-Bit Axe
33:41 Horse Collar
36:07 Bow Saw
36:12 Stone Mining
36:14 Gold Mining
45:39 Imperial Age
43:12 Town Watch
43:47 Heavy Plow
44:10 Husbandry
44:21 Bloodlines
45:44 Tusk Swords
46:50 Conscription
47:16 Elite Ballista Elephant
51:19 Double Crossbow
57:38 Man-at-Arms
juliocesaracostagaytan
1:10 Loom
15:17 Feudal Age
15:55 Horse Collar
20:44 Castle Age
19:37 Double-Bit Axe
19:49 Stone Mining
21:57 Wheelbarrow
25:01 Bow Saw
26:19 Hand Cart
26:54 Heavy Plow
26:57 Gold Mining
30:25 Town Watch
31:48 Caravan
33:16 Stone Shaft Mining
36:31 Imperial Age
34:14 Bloodlines
34:04 Husbandry
34:20 Treadmill Crane
34:53 Masonry
35:58 Scale Barding Armor
36:04 Forging
35:55 Scale Mail Armor
35:46 Fletching
35:57 Padded Archer Armor
36:21 Ballistics
35:57 Murder Holes
36:13 Fortified Wall
37:44 Chain Barding Armor
37:17 Gambesons
37:33 Squires
37:19 Arson
36:55 Man-at-Arms
36:55 Pikeman
38:40 Crop Rotation
38:50 Iron Casting
38:30 Chain Mail Armor
38:02 Capped Ram
38:06 Onager
39:22 Conscription
39:48 Hoardings
38:35 Elite Monaspa
39:37 Aznauri Cavalry
39:04 Long Swordsman
41:13 Town Patrol
42:28 Chemistry
41:36 Siege Engineers
42:01 Architecture
41:23 Guard Tower
43:34 Svan Towers
42:54 Two-Handed Swordsman
42:55 Halberdier
43:22 Siege Onager
44:23 Champion
47:16 Keep
50:05 Blast Furnace
49:41 Plate Barding Armor
49:37 Plate Mail Armor
49:03 Bodkin Arrow
49:23 Leather Archer Armor
Jugador08479147
0:52 Loom
19:38 Feudal Age
19:34 Horse Collar
19:59 Double-Bit Axe
20:59 Wheelbarrow
20:27 Gold Mining
25:52 Bow Saw
25:11 Man-at-Arms
27:03 Stone Mining
29:38 Gold Shaft Mining
29:41 Stone Shaft Mining
32:42 Castle Age
33:46 Hand Cart
34:00 Light Cavalry
34:02 Long Swordsman
35:54 Two-Man Saw
37:56 Pikeman
40:54 Cavalier
45:12 Imperial Age
46:10 Halberdier
46:35 Paladin
48:43 Chemistry
48:04 Ballistics
49:52 Conscription
jamboypirelli
11:57 Feudal Age
13:20 Wheelbarrow
12:38 Double-Bit Axe
15:23 Horse Collar
18:36 Town Watch
18:52 Fletching
19:01 Gold Mining
20:27 Bloodlines
27:00 Castle Age
24:48 Loom
25:20 Forging
25:18 Stone Mining
26:24 Scale Barding Armor
26:23 Arson
27:58 Bow Saw
28:05 Hand Cart
27:56 Heavy Plow
27:24 Light Cavalry
28:06 Husbandry
29:11 Gold Shaft Mining
30:49 Bodkin Arrow
33:02 Town Patrol
34:32 Iron Casting
34:19 Chain Barding Armor
39:10 Imperial Age
38:06 Marauders
39:18 Caravan
41:56 Chemistry
40:52 Murder Holes
41:18 Bracer
42:36 Elite Tarkan
44:19 Heavy Cavalry Archer
45:24 Parthian Tactics
49:50 Elite Skirmisher
Connection lost

Rejoining the realm…

Still unreachable

The connection could not be restored.

Session expired

The server has moved on; the page needs a fresh start.